 Dungeon Crawl Stone Soup version 0.28.0 (webtiles) character file.

Game seed: 17733957539039218749

784 themarg the Ducker (level 7, 0/46 HPs)
             Began as a Merfolk Summoner on Feb 17, 2022.
             Succumbed to a scorpion's poison
             ... on level 4 of the Dungeon.
             The game lasted 00:42:02 (7919 turns).

themarg the Ducker (Merfolk Summoner)               Turns: 7919, Time: 00:42:03

Health: 0/46       AC:  4    Str:  5 (8)  XL:     7   Next: 86%
Magic:  8/13       EV: 14    Int: 14 (17) God:
Gold:   147        SH:  0    Dex: 13 (14) Spells: 7/14 levels left

rFire   . . .      SeeInvis .   f - +0 trident
rCold   + + .      Faith    .   (no shield)
rNeg    . . .      Spirit   .   h - +2 robe {rC+ rF+}
rPois   .          Reflect  .   (no helmet)
rElec   .          Harm     .   (no cloak)
rCorr   .          Rampage  .   (no gloves)
Will    .....                   (no boots)
Stlth   +++.......              (no amulet)
HPRegen 0.15/turn               i - ring of ice
MPRegen 0.13/turn               (no ring)

@: brilliant, lethally poisoned (0 -> -15)
A: (nimble swimmer 2), mertail
a: no special abilities


You were on level 4 of the Dungeon.
You visited 1 branch of the dungeon, and saw 5 of its levels.

You collected 147 gold pieces.

Inventory:

Hand Weapons
 f - a +0 trident (weapon)
Missiles
 j - 113 stones (quivered)
Armour
 h - a +2 robe of resistance (worn)
 r - a +2 robe of positive energy
Jewellery
 i - a ring of ice (left hand)
Wands
 n - a wand of charming (7)
 o - a wand of paralysis (8)
 s - a wand of mindburst (15)
Scrolls
 a - a scroll of silence {unknown}
 b - a scroll of magic mapping {unknown}
 c - a scroll of vulnerability {unknown}
 d - a scroll of enchant armour {unknown}
 g - a scroll of teleportation
 k - a scroll of torment {unknown}
 l - a scroll of fog {unknown}
 p - a scroll of noise {unknown}
 u - a scroll of identify {unknown}
Potions
 e - a potion of brilliance
 m - 2 potions of degeneration
 q - a potion of magic {unknown}
 t - a potion of ambrosia


   Skills:
 + Level 6.2 Dodging
 + Level 5.4 Stealth
 + Level 4.2 Spellcasting
 + Level 5.8 Summonings


You had 7 spell levels left.
You knew the following spells:

 Your Spells              Type           Power      Damage    Failure   Level
a - Summon Small Mammal   Summ           100%       N/A       1%          1
b - Call Canine Familiar  Summ           28%        N/A       5%          3
c - Summon Guardian Gole  Hex/Summ       16%        N/A       17%         3

Your spell library contained the following spells:

 Spells                   Type           Power      Damage    Failure   Level
 Call Imp                 Summ           28%        N/A       2%          2
 Stone Arrow              Conj/Erth      8%         3d7       50%         3
 Animate Armour           Summ/Erth      32%        N/A       50%         4
 Summon Lightning Spire   Summ/Air       16%        N/A       50%         4
 Lehudib's Crystal Spear  Conj/Erth      2%         10d2      100%        8


Dungeon Overview and Level Annotations

Branches:
Dungeon (5/15)
 Temple: D:4-7

Altars:
Xom


Innate Abilities, Weirdness & Mutations

((You are very nimble when in or above water. (Stealth+, EV+, Speed+++)))
Your lower body shifts to a powerful aquatic tail in water.


Message History

The scorpion closely misses you. The scorpion barely misses you.
You hit the scorpion but do no damage.
The scorpion is severely wounded.
The scorpion stings you but does no damage.
Your magical contamination has completely faded away.
You barely miss the scorpion.
The scorpion is severely wounded.
The scorpion barely misses you. The scorpion stings you.
You hit the scorpion.
The scorpion is severely wounded.
The scorpion barely misses you.
You barely miss the scorpion.
The scorpion is severely wounded.
The scorpion stings you!
You are poisoned.
The scorpion poisons you! The scorpion stings you.
You feel very sick.
You feel very sick.
You feel sick.
You feel sick. The scorpion stings you.
You feel sick.
You feel sick.
There is an open door here.
You feel sick.
You feel sick.
You feel sick.
You are no longer poisoned.
The scorpion stings you but does no damage.
The scorpion misses you. The scorpion stings you!
* * * LOW HITPOINT WARNING * * *
You hit the scorpion.
The scorpion is severely wounded.
The scorpion stings you.
* * * LOW HITPOINT WARNING * * *
You are lethally poisoned!
The scorpion poisons you!
It was a potion of brilliance.
You feel clever all of a sudden.
You die...

###.....#.#.# #.........#
#...#######.###[........####
#.#>........).'.........'...
######.#.##.##.#.#.#.........####
#......#.##.##.###.#.........#
##.#####....##.#...#.........#
#.#####.......#.###.........####
#.##..'.......#.# #######.......
#.##.##.......#@## #.......
#....###'##...#s.# #.......
###### #.####.#9.# #.......
#....#.##.# ##.......
####.#....#######........
#.#####..9...#........
#....##......'.#####'#
####.##.....)#....##.#
#...#####.####.##..


You could see a scorpion (ally target) and a friendly guardian golem (summoned).

Vanquished Creatures
  A phantom (D:4)
  A nameless horror (D:4)
  Blork the orc (D:4)
  An adder (D:2)
  4 river rats (D:4)
  2 dart slugs (D:1)
  2 orcs
  2 endoplasms
  4 giant cockroaches
  3 goblins
  5 hobgoblins
  A jackal (D:2)
  2 quokkas
  4 ball pythons
  4 bats
  4 kobolds
  6 rats
47 creatures vanquished.

Vanquished Creatures (collateral kills)
  A dream sheep (D:4)
  A black bear (D:3)
  An ogre (D:3)
  A hound (D:4)
  An iguana (D:4)
  Jessica (D:2)
  A nameless horror (D:4)
  2 hound skeletons (D:4)
  3 adders
  4 river rats (D:4)
  An ufetubus (D:4)
  A worm (D:2)
  2 dart slugs (D:2)
  An orc (D:4)
  3 ball pythons
  3 bats
  3 endoplasms
  2 giant cockroaches (D:1)
  4 goblins
  2 hobgoblins
  A jackal (D:2)
  A quokka (D:4)
  2 frilled lizards (D:3)
  4 kobolds
  15 rats
61 creatures vanquished.

Vanquished Creatures (others)
  4 dream sheep (D:4)
  Eustachio (D:4)
  2 plants (D:1)
7 creatures vanquished.

Grand Total: 115 creatures vanquished

Notes
Turn   | Place    | Note
-------+----------+-------------------------------------------
     0 | D:1      | themarg the Merfolk Summoner began the quest for the Orb.
     0 | D:1      | Reached XP level 1. HP: 13/13 MP: 3/3
   501 | D:1      | Reached XP level 2. HP: 11/19 MP: 3/5
   670 | D:1      | Reached skill level 3 in Dodging
  1629 | D:1      | Reached XP level 3. HP: 24/24 MP: 4/6
  2079 | D:2      | Learned a level 3 spell: Call Canine Familiar
  2294 | D:2      | Noticed Jessica
  2303 | D:2      | Killed Jessica
  2304 | D:2      | Reached XP level 4. HP: 25/30 MP: 1/7
  3019 | D:2      | Reached skill level 4 in Dodging
  3441 | D:3      | Reached XP level 5. HP: 35/35 MP: 5/9
  3567 | D:3      | Noticed a black bear
  3580 | D:3      | Killed a black bear
  3714 | D:3      | You fall into a shaft and drop 1 floor!
  3992 | D:4      | Reached XP level 6. HP: 41/41 MP: 6/10
  4256 | D:3      | Reached skill level 5 in Dodging
  4256 | D:3      | Reached skill level 5 in Summonings
  4794 | D:4      | Noticed Eustachio
  4859 | D:3      | Learned a level 3 spell: Summon Guardian Golem
  5366 | D:4      | Noticed a dream sheep
  5366 | D:4      | Noticed a dream sheep
  5366 | D:4      | Noticed a dream sheep
  5366 | D:4      | Noticed a dream sheep
  5366 | D:4      | Noticed a dream sheep
  5366 | D:4      | Found a shimmering altar of Xom.
  5371 | D:4      | Killed a dream sheep
  5371 | D:4      | Killed a dream sheep
  5371 | D:4      | Killed a dream sheep
  5371 | D:4      | Killed a dream sheep
  5372 | D:4      | Killed a dream sheep
  5580 | D:4      | Reached XP level 7. HP: 41/46 MP: 9/12
  5773 | D:4      | Noticed Blork the orc
  6049 | D:4      | Killed Blork the orc
  6050 | D:4      | Reached skill level 5 in Stealth
  6732 | D:4      | Killed Eustachio
  6733 | D:4      | Reached skill level 6 in Dodging
  7002 | D:5      | Entered Level 5 of the Dungeon
  7026 | D:5      | Noticed a nameless horror
  7174 | D:4      | HP: 2/46 [nameless horror[miscasting Summon Guardian Golem]
                  | (8)]
  7516 | D:4      | Killed a nameless horror
  7919 | D:4      | Succumbed to a scorpion's poison

Illustrated notes

Levels and vault maps discovered:
D:1:      onia_arrival_handbag, layout_loops_ring,
          chequers_serial_rivers_micro_d, chequers_big_river
D:2:      layout_loops_cross, minmay_box_of_dots, uniq_jessica
D:3:      kennysheep_big_flooded_room, layout_basic, serial_curves,
          eino_curves_01, eino_curves_04, eino_curves_02, palyth_stone_intersect
D:4:      layout_basic, kb_xom_exploding_sheep, dk_rats_in_the_wall,
          uniq_eustachio, uniq_blork_the_orc
D:5:      layout_layer_cave, ebering_ghost_rock_garden, mrwooster_statue_mirror

Skill      XL: |  1  2  3  4  5  6  7 |
---------------+----------------------+-----
Dodging        | 3 4 5 6 |  6.2
Stealth        | 3 4 5 |  5.4
Spellcasting   | 3 4 |  4.2
Summonings     | 5 |  5.8

Action                   |  1- 3 |  4- 6 |  7- 9 || total
-------------------------+-------+-------+-------++-------
Melee: Unarmed           |    15 |       |       ||    15
       Short sword       |    45 |       |       ||    45
       Tailslap          |     2 |       |       ||     2
       Trident           |    16 |    76 |   116 ||   208
       Punch             |     1 |       |     3 ||     4
Throw: Stone             |       |       |     1 ||     1
 Cast: Summon Small Mamm |    39 |    12 |     6 ||    57
       Call Canine Famil |     1 |    32 |    22 ||    55
       Summon Guardian G |       |       |    13 ||    13
Evoke: Wand              |       |       |     1 ||     1
  Use: Scroll            |       |       |     3 ||     3
       Potion            |       |       |     3 ||     3
 Stab: Sleeping          |     4 |     1 |       ||     5
       Distracted        |     1 |     1 |     1 ||     3
Armor: Robe              |    20 |     8 |    13 ||    41
Dodge: Dodged            |    43 |    38 |    63 ||   144
